 Dungeon Crawl Stone Soup version 0.25.1-2-g60ff931df9 (webtiles) character file.

Game seed: 16122772425401953621

13563 Curus the Bludgeoner (level 11, 0/101 HPs)
             Began as a Minotaur Gladiator on Aug 23, 2020.
             Was an Elder of Trog.
             Slain by an eight-headed hydra (3 damage)
             ... on level 2 of the Lair of Beasts.
             The game lasted 01:04:30 (12140 turns).

Curus the Bludgeoner (Minotaur Gladiator)          Turns: 12140, Time: 01:04:31

Health: 0/101      AC:  4    Str: 25    XL:     11   Next: 77%
Magic:  13/13      EV: 20    Int: 13    God:    Trog [****..]
Gold:   753        SH:  0    Dex: 22    Spells: 10/10 levels left

rFire    . . .     SeeInvis .   i - +0 eveningstar
rCold    + . .     Gourm    .   (no shield)
rNeg     . . .     Faith    .   F - +1 ring mail of Omission {rF- Str+7 Dex+2 Stlth-}
rPois    .         Spirit   .   c - +1 hat
rElec    .         Reflect  .   E - scarf {rC+ rF+}
rCorr    .         Harm     .   (no gloves)
MR       .....                  (no boots)
Stlth    ..........             y - amulet of regeneration
HPRegen  0.66/turn              k - +6 ring of dexterity
MPRegen  0.13/turn              n - +6 ring of intelligence

@: berserk cooldown, slowed, very slow
A: retaliatory headbutt, horns 2, deformed body, mutation resistance 1
a: Berserk, Trog's Hand, Brothers in Arms, Renounce Religion


You were on level 2 of the Lair of Beasts.
You worshipped Trog.
Trog was greatly pleased with you.
You were not hungry.

You visited 2 branches of the dungeon, and saw 13 of its levels.

You collected 831 gold pieces.
You spent 78 gold pieces at shops.

Inventory:

Hand Weapons
 a - a +3 flail
 i - a +0 eveningstar (weapon)
 t - a +2 morningstar
Missiles
 d - 2 throwing nets (quivered)
Armour
 b - a +1 leather armour
 c - a +1 hat (worn)
 o - a +0 ring mail of magic resistance
 s - a +1 cloak of stealth
 B - a +2 cloak of stealth
 E - a scarf of resistance (worn)
 F - the +1 ring mail of Omission (worn) {rF- Str+7 Dex+2 Stlth-}
   (You found it on level 1 of the Lair of Beasts)

   It affects your strength (+7).
   It affects your dexterity (+2).
   It makes you vulnerable to fire.
   It makes you less stealthy.
Jewellery
 k - a +6 ring of dexterity (left hand)
 n - a +6 ring of intelligence (right hand)
 p - a cursed ring of teleportation
 q - an uncursed ring of fire
 r - a cursed amulet of inaccuracy
 y - an amulet of regeneration (around neck)
Wands
 m - a wand of random effects (17)
 v - a wand of digging (13)
 z - a wand of flame (18)
 A - a wand of iceblast (7)
Scrolls
 e - 9 scrolls of identify
 g - 4 scrolls of blinking
 h - 5 scrolls of teleportation
 l - 6 scrolls of remove curse
Potions
 j - 3 potions of resistance
 u - 2 potions of might
 x - 2 potions of heal wounds
 C - a potion of invisibility
 D - a potion of curing
Comestibles
 f - 19 rations
 w - a chunk of flesh


   Skills:
 - Level 10.4 Fighting
 - Level 16.0 Maces & Flails
 - Level 2.0 Throwing
 - Level 9.9 Dodging
 + Level 4.5 Evocations


You had 10 spell levels left.
You didn't know any spells.
Your spell library was empty.

Dungeon Overview and Level Annotations

Branches:
Dungeon (11/15)            Temple (0/1) D:5            Lair (2/6) D:11
    Orc (0/2) D:11
  Swamp: Lair:2-4    Shoals: Lair:2-4     Snake: Lair:2-4    Spider: Lair:2-4

Altars:
Ashenzari
Cheibriados
Dithmenos
Elyvilon
Hepliaklqana
Kikubaaqudgha
Nemelex Xobeh
Okawaru
Qazlal
Sif Muna
Trog
Uskayaw
Xom
The Shining One

Shops:
D:5 [:==   D:6 *   D:10 %


Innate Abilities, Weirdness & Mutations

You reflexively headbutt those who attack you in melee.
You have a pair of horns on your head.
Armour fits poorly on your strangely shaped body.
You are somewhat resistant to further mutation.


Message History

The eight-headed hydra barely misses you.
The eight-headed hydra misses you.
The eight-headed hydra bites you but does no damage.
The porcupine twitches its whiskers.
Your ogre rages.
Your ogre hits the eight-headed hydra with a cursed -3 giant club!!
The eight-headed hydra bites your ogre!
The eight-headed hydra completely misses your ogre.
The eight-headed hydra bites your ogre! The eight-headed hydra bites your ogre.
The eight-headed hydra bites your ogre! x2
The eight-headed hydra barely misses your ogre.
The eight-headed hydra bites your ogre!
Your ogre dies!
Your ogre's corpse disappears in a puff of smoke!
The eight-headed hydra bites you!
* * * LOW HITPOINT WARNING * * *
The eight-headed hydra bites you!
* * * LOW HITPOINT WARNING * * *
The eight-headed hydra barely misses you.
The eight-headed hydra misses you. The eight-headed hydra bites you.
You die...

......P#.#####........
#PP..##......P.P.....
##P..................
###....P.........P...
.##.รท.##.........##
##
......##P#.......P###
...
......#######.......#
#.... ....###
##P....###..r...
...### ##.@D.#......+
.###.## #^.D.r..#..##
....... #P.......# #
....... ##........#
....... #....#......#
......> #..........##
..###.. #....P....##
..# P# #.P..####.# ###
##### ##


You could see an eight-headed hydra, a four-headed hydra and a porcupine.

Vanquished Creatures
  A centaur warrior (D:11)
  4 two-headed ogres
  Pikel (D:5)
  An ugly thing (D:11)
  A cyclops (D:11)
  Maurice (D:9)
  A manticore (D:8)
  3 komodo dragons
  A troll (D:11)
  Grinder (D:6)
  A hornet (D:11)
  A hippogriff (D:11)
  Sigmund (D:5)
  A wyvern (D:11)
  3 yaks
  Eustachio (D:4)
  2 humans (D:10)
  4 hungry ghosts
  Menkaure (D:5)
  2 water moccasins (Lair:1)
  A porcupine (Lair:1)
  2 black bears
  3 ice beasts
  A slave (D:4)
  An orc warrior (D:11)
  An ogre (D:6)
  A necrophage (D:8)
  9 centaurs
  4 wolves (Lair:1)
  A crocodile (Lair:1)
  2 elf zombies (D:6)
  2 big kobolds
  6 bullfrogs
  A scorpion (D:9)
  A wyvern skeleton (D:10)
  3 jellies
  5 killer bees (D:6)
  A howler monkey (D:4)
  10 wights
  A vampire bat (D:6)
  4 centaur zombies
  8 orc priests
  4 hounds
  12 orc wizards
  Crazy Yiuf (D:5)
  A human skeleton (D:6)
  2 iguanas
  8 worker ants
  A worker ant zombie (D:11)
  4 gnolls (D:7)
  2 adders (D:2)
  An adder skeleton (D:5)
  An adder zombie (D:8)
  4 worms
  3 dart slugs
  6 leopard geckos
  28 orcs
  3 bat skeletons (D:6)
  2 bat zombies (D:6)
  2 giant cockroaches
  2 goblins
  8 hobgoblins
  19 jackals
  3 quokkas
  A ball python (D:3)
  6 bats
  11 frilled lizards
  15 kobolds
  A leopard gecko zombie (D:7)
  2 orc skeletons (D:6)
  An orc zombie (D:6)
  19 rats
273 creatures vanquished.

Vanquished Creatures (others)
  A jelly (D:5)
  A leopard gecko (D:5)
2 creatures vanquished.

Grand Total: 275 creatures vanquished

Notes
Turn   | Place    | Note
-------+----------+-------------------------------------------
     0 | D:1      | Curus the Minotaur Gladiator began the quest for the Orb.
     0 | D:1      | Reached XP level 1. HP: 18/18 MP: 0/0
    52 | D:1      | Reached skill level 4 in Maces & Flails
   229 | D:1      | Reached XP level 2. HP: 25/25 MP: 1/1
   633 | D:1      | Reached skill level 5 in Maces & Flails
   933 | D:2      | Reached XP level 3. HP: 30/30 MP: 2/2
  1458 | D:2      | Found a shimmering blue altar of Sif Muna.
  1458 | D:2      | Found a stormy altar of Qazlal.
  1481 | D:2      | Reached XP level 4. HP: 35/37 MP: 3/3
  1485 | D:2      | Reached skill level 6 in Maces & Flails
  1913 | D:3      | Found a snail-covered altar of Cheibriados.
  2598 | D:4      | Found a white marble altar of Elyvilon.
  2702 | D:4      | Noticed Eustachio
  2731 | D:4      | Killed Eustachio
  2731 | D:4      | Reached skill level 8 in Maces & Flails
  2731 | D:4      | Reached XP level 5. HP: 34/42 MP: 4/4
  2833 | D:4      | Reached XP level 6. HP: 50/50 MP: 5/5
  3037 | D:4      | Noticed a moth of wrath
  3040 | D:4      | Found a bloodstained altar of Trog.
  3293 | D:4      | Became a worshipper of Trog the Wrathful
  3601 | D:4      | Found a shimmering altar of Xom.
  3672 | D:5      | Entered Level 5 of the Dungeon
  3728 | D:5      | Found a staircase to the Ecumenical Temple.
  3740 | D:5      | Noticed a slave
  3741 | D:5      | Noticed Pikel
  3741 | D:5      | Noticed a slave
  3741 | D:5      | Noticed a slave
  3742 | D:5      | Noticed a slave
  3773 | D:4      | Killed a slave
  3948 | D:5      | Found Xaho's Book Shoppe.
  3948 | D:5      | Found a shattered altar of Ashenzari.
  4026 | D:5      | Found Bymima's Jewellery Shop.
  4026 | D:5      | Noticed Menkaure
  4031 | D:5      | Killed Menkaure
  4031 | D:5      | Reached skill level 9 in Maces & Flails
  4286 | D:5      | Bought a cursed ring of teleportation for 54 gold pieces
  4289 | D:5      | Found Offayciopp's Armour Boutique.
  4379 | D:5      | Killed Pikel
  4379 | D:5      | Reached skill level 11 in Maces & Flails
  4379 | D:5      | Reached XP level 7. HP: 14/56 MP: 6/6
  4675 | D:5      | Found a runed translucent door.
  4676 | D:5      | Noticed Crazy Yiuf
  4717 | D:5      | Found Lymeu's Jewellery Boutique.
  4739 | D:5      | Bought a cursed amulet of inaccuracy for 24 gold pieces
  4959 | D:5      | Noticed Sigmund
  4966 | D:5      | Killed Sigmund
  4966 | D:5      | Reached XP level 8. HP: 51/62 MP: 7/7
  5124 | D:5      | Killed Crazy Yiuf
  5389 | D:6      | Reached skill level 12 in Maces & Flails
  5761 | D:6      | Found Keomm's Assorted Antiques.
  5948 | D:6      | Reached skill level 13 in Maces & Flails
  6392 | D:6      | Reached * piety under Trog
  6392 | D:6      | Reached XP level 9. HP: 39/68 MP: 8/8
  6593 | D:6      | Noticed Grinder
  6607 | D:6      | Killed Grinder
  6607 | D:6      | Reached skill level 14 in Maces & Flails
  6617 | D:5      | Found a shadowy altar of Dithmenos.
  6753 | D:6      | Found an ancient bone altar of Kikubaaqudgha.
  7321 | D:7      | Reached skill level 15 in Maces & Flails
  7406 | D:7      | Found a white marble altar of Elyvilon.
  7421 | D:7      | Found a hazy altar of Hepliaklqana.
  7925 | D:8      | Found a hide-covered altar of Uskayaw.
  8043 | D:8      | Reached ** piety under Trog
  8180 | D:8      | Reached skill level 16 in Maces & Flails
  8282 | D:8      | Noticed a manticore
  8294 | D:8      | Killed a manticore
  8294 | D:8      | Reached XP level 10. HP: 28/78 MP: 9/9
  8562 | D:8      | Found a glowing golden altar of the Shining One.
  9061 | D:9      | Reached skill level 5 in Dodging
  9160 | D:9      | Reached skill level 5 in Fighting
  9371 | D:9      | Noticed Maurice
  9380 | D:9      | Killed Maurice
  9515 | D:9      | Found a sparkling altar of Nemelex Xobeh.
  9710 | D:10     | Entered Level 10 of the Dungeon
  9711 | D:10     | Found Ontarefi's Food Shoppe.
  9769 | D:10     | Gained mutation: Armour fits poorly on your strangely
                  | shaped body. [potion of mutation]
  9769 | D:10     | Gained mutation: You are somewhat resistant to further
                  | mutation. [potion of mutation]
  9868 | D:10     | Reached *** piety under Trog
 10010 | D:10     | Noticed a two-headed ogre
 10020 | D:10     | Killed a two-headed ogre
 10134 | D:10     | Found an iron altar of Okawaru.
 10251 | D:11     | Noticed a two-headed ogre
 10266 | D:11     | Killed a two-headed ogre
 10419 | D:11     | Noticed a centaur warrior
 10430 | D:11     | Killed a centaur warrior
 10430 | D:11     | Reached XP level 11. HP: 58/95 MP: 10/10
 10574 | D:11     | Noticed a two-headed ogre
 10580 | D:11     | Killed a two-headed ogre
 10769 | D:11     | Noticed a two-headed ogre
 10777 | D:11     | Killed a two-headed ogre
 10827 | D:11     | Reached skill level 10 in Fighting
 10929 | D:11     | Reached **** piety under Trog
 10969 | D:11     | Noticed a red ugly thing
 10980 | D:11     | Killed a red ugly thing
 11083 | D:11     | Found a staircase to the Orcish Mines.
 11287 | D:11     | Found a staircase to the Lair.
 11296 | Lair:1   | Entered Level 1 of the Lair of Beasts
 11308 | Lair:1   | Reached skill level 1 in Evocations
 11582 | Lair:1   | Got a bloodstained ring mail
 11593 | Lair:1   | Identified the cursed +1 ring mail of Omission {rF- Str+7
                  | Dex+2 Stlth-} (You found it on level 1 of the Lair of
                  | Beasts)
 12133 | Lair:2   | Noticed an eight-headed hydra
 12134 | Lair:2   | Noticed a four-headed hydra
 12140 | Lair:2   | HP: 3/101 [eight-headed hydra (10)]
 12140 | Lair:2   | Slain by an eight-headed hydra

Illustrated notes

Levels and vault maps discovered:
D:1:      minmay_arrival_five_plusses, layout_loops_ring, serial_park_tiny_1
D:2:      layout_basic, chequers_temple_overflow_statue_of_worship,
          minmay_rat_gold_closets
D:3:      layout_rooms, lemuel_crystal_altar, first_ration,
          grunt_decor_mini_mirrors
D:4:      layout_basic, kennysheep_mini, lemuel_crystal_altar, tgw_trog,
          uniq_eustachio
D:5:      layout_rooms, old_standard_altar, nicolae_overflow_hidden_temple,
          minmay_temple_entry_glass, serial_glass, glass_columns_a,
          glass_columns_a, glass_columns_b, glass_columns_b, glass_columns_b,
          glass_columns_a, serial_shops, kennysheep_little_box, shop_coins,
          shop, nicolae_shop_trees, uniq_menkaure, uniq_sigmund, uniq_pikel,
          uniq_crazy_yiuf_cottage
D:6:      layout_loops_corners, kennysheep_vampire_church,
          nicolae_ossuary_entry_catacombs, serial_shops, shop_statue,
          uniq_grinder
D:7:      layout_basic, lemuel_crystal_altar, basic_altar
D:8:      layout_basic, nicolae_overflow_crystal_walls, lemuel_round_altar
D:9:      layout_loops_ring, lemuel_coloured_pillars_altar, blue_anna_alchemist
          [blue_anna_fruit_fields, blue_anna_fruit_fields], feat_on_display,
          uniq_maurice
D:10:     layout_rooms, serial_shops, nicolae_shop_statue_plus, okawaru_humans
D:11:     layout_long_grid, lair_entry_dummy, orc_0_dummy
Lair:1:   layout_misc_corridors
Lair:2:   layout_misc_corridors, spider_nest_entry_funnel_web,
          serial_bayou_pond_e, grunt_megastairs_3

Skill      XL: |  1  2  3  4  5  6  7  8  9 10 11 |
---------------+----------------------------------+-----
Maces & Flails | 4 5 8 11 13 16 | 16.0
Fighting       | 3 8 10 | 10.4
Dodging        | 4 8 9 |  9.9
Evocations     | 4 |  4.5
Throwing       | |  2.0

Action                   |  1- 3 |  4- 6 |  7- 9 | 10-12 || total
-------------------------+-------+-------+-------+-------++-------
Melee: Flail             |    91 |   117 |    32 |       ||   240
       Headbutt          |     9 |    23 |    53 |    72 ||   157
       Morningstar       |       |       |   135 |       ||   135
       Eveningstar       |       |       |    55 |   308 ||   363
Throw: Throwing net      |     1 |     1 |       |     1 ||     3
Invok: Berserk           |       |       |     1 |     2 ||     3
       Brothers in Arms  |       |       |       |     1 ||     1
Evoke: Wand              |       |       |     1 |     3 ||     4
  Use: Scroll            |     6 |     5 |     4 |     3 ||    18
       Potion            |     4 |     4 |     3 |     3 ||    14
 Stab: Held in net/web   |     1 |       |       |       ||     1
       Sleeping          |       |     2 |       |     1 ||     3
  Eat: Chunk             |     2 |     5 |     9 |    16 ||    32
       Ration            |       |     1 |     2 |     1 ||     4
Armor: Leather armour    |    17 |    22 |     5 |       ||    44
       Ring mail         |       |       |    55 |    51 ||   106
Dodge: Dodged            |    52 |    84 |   120 |   186 ||   442
